 Dungeon Crawl Stone Soup version 0.28.0 (webtiles) character file.

Game seed: 8367779093539288444

5 RighteousDevil the Magician (level 1, 0/11 HPs)
             Began as a Kobold Wanderer on Feb 7, 2022.
             Frozen to death by an endoplasm (5 damage)
             ... on level 1 of the Dungeon.
             The game lasted 00:00:57 (193 turns).

RighteousDevil the Magician (Kobold Wanderer)        Turns: 193, Time: 00:00:58

Health: 0/11       AC:  9    Str: 10    XL:     1   Next: 88%
Magic:  5/5        EV:  7    Int: 13    God:
Gold:   40         SH:  0    Dex: 13    Spells: 7/8 levels left

rFire   . . .      SeeInvis .   a - +0 dagger
rCold   . . .      Faith    .   (no shield)
rNeg    . . .      Spirit   .   c - +0 chain mail
rPois   .          Reflect  .   (no helmet)
rElec   .          Harm     .   (no cloak)
rCorr   .          Rampage  .   (no gloves)
Will    .....                   (no boots)
Stlth   ..........              (no amulet)
HPRegen 0.03/turn               (no ring)
MPRegen 0.09/turn               (no ring)

@: no status effects
A: small, no large weapons, nightstalker 3
a: no special abilities


You were on level 1 of the Dungeon.
You visited 1 branch of the dungeon, and saw 1 of its levels.

You collected 40 gold pieces.

Inventory:

Hand Weapons
 a - a +0 dagger (weapon)
Armour
 c - a +0 chain mail (worn)
Scrolls
 d - a scroll of enchant armour {unknown}
 e - a scroll of vulnerability {unknown}
Potions
 b - a potion of lignification


   Skills:
 + Level 0.9 Fighting
 + Level 0.3 Short Blades
 - Level 3.2 Armour
 - Level 1.2 Dodging
 - Level 1.3 Stealth
 - Level 4.3 Spellcasting
 - Level 0.6 Necromancy


You had 7 spell levels left.
You knew the following spells:

 Your Spells              Type           Power      Damage    Failure   Level
a - Animate Skeleton      Necr           8%         N/A       100%        1

Your spell library contained the following spells:

 Spells                   Type           Power      Damage    Failure   Level
 Vampiric Draining        Necr           4%         2d6       100%        3


Dungeon Overview and Level Annotations

Branches:
Dungeon (1/15)

Altars:


Innate Abilities, Weirdness & Mutations

You are small and have problems with some larger weapons.
You are completely attuned to the shadows.


Message History

Confirm with . or Enter, or press ? or * to list all spells.
You miscast Animate Skeleton.
Nothing appears to happen.
Casting: Animate Skeleton (safe; 100% risk of failure)
Confirm with . or Enter, or press ? or * to list all spells.
You miscast Animate Skeleton.
Nothing appears to happen.
Unknown command.
HP restored.
Your magical contamination has completely faded away.
Magic restored.
You now have 40 gold pieces (gained 13).
Found a war axe.
e - a scroll labelled CIAMOI POCZI A kobold comes into view.
It is wielding a +0 club.
The kobold shouts!
A quokka comes into view.
You closely miss the kobold. Your punch misses the kobold.
The kobold hits you but does no damage.
You hit the quokka.
The quokka is heavily wounded.
The quokka completely misses you. The kobold hits you with a +0 club.
An endoplasm comes into view.
You barely miss the quokka.
The quokka is heavily wounded.
The endoplasm quivers.
The quokka bites you but does no damage.
The kobold hits you but does no damage.
You hit the quokka.
You kill the quokka!
The kobold hits you with a +0 club.
You hit the kobold but do no damage. The kobold hits you but does no damage.
You hit the endoplasm.
The endoplasm is lightly wounded.
The endoplasm freezes you.
You are frozen.
The kobold hits you but does no damage.
You are too injured to fight recklessly!
You are too injured to fight recklessly!
You miss the kobold. The endoplasm freezes you.
You are frozen.
You die...

######. ##......
#..#####
#######.......
..##.....#.>....#####
...........##........
................#####
...JK.........#......
....@.......###.#####
............# #......
............###.#####
............#.......†
.....................
....)................
............)......##
.#######............#
.........#§....


You could see an endoplasm and a kobold.

Vanquished Creatures
  A goblin (D:1)
  A quokka (D:1)
  2 ball pythons (D:1)
  2 bats (D:1)
6 creatures vanquished.

Notes
Turn   | Place    | Note
-------+----------+-------------------------------------------
     0 | D:1      | RighteousDevil the Kobold Wanderer began the quest for the
                  | Orb.
     0 | D:1      | RighteousDevil set off with the following items: a +0
                  | dagger, a potion of lignification, a +0 chain mail; and the
                  | following spell memorised: Animate Skeleton; and the
                  | following spells available to memorise: Vampiric Draining
     0 | D:1      | Reached XP level 1. HP: 10/10 MP: 5/5
   193 | D:1      | Frozen to death by an endoplasm

Illustrated notes

Levels and vault maps discovered:
D:1:      psy_arrival_dodecagon, layout_rooms, minmay_misc_feat_rows

Action                   || total
-------------------------++-------
Melee: Dagger            ||    36
Armor: Chain mail        ||    50
Dodge: Dodged            ||    21
